 Dungeon Crawl Stone Soup version 0.16-a0-1009-g0339a9e (webtiles) character file.

41 Ratboiler the Scratcher (level 3, -2/15 HPs)
             Began as a Felid Transmuter on Oct 3, 2014.
             Slain by an adder (5 damage)
             ... on Level 2 of the Dungeon.
             The game lasted 00:03:46 (1559 turns).

Ratboiler the Scratcher (Felid Transmuter)          Turns: 1559, Time: 00:03:46

HP  -2/15        AC  1     Str  6      XL: 3   Next: 32%
MP   7/8         EV 18     Int 14      God:
Gold 85          SH  0     Dex 17      Spells:  3 memorised,  0 levels left
Lives: 0, deaths: 0

rFire  . . .     SeeInvis +       - Unarmed
rCold  . . .     Clarity  .     (armour unavailable)
rNeg   . . .     rCorr    +     (shield unavailable)
rPois  .         rRot     .     (helmet unavailable)
rElec  .         Spirit   .     (cloak unavailable)
SustAb .         Warding  .     (gloves unavailable)
rMut   .         Stasis   .     (boots unavailable)
Gourm  .                        k - amulet of resist corrosion
MR     .....                    (no ring)
                                (no ring)

@: appendage, quick, not resistant to hostile enchantments, unstealthy
A: paw claws, no armour, no weapons or thrown items, fangs 3, horns 2, see
invisible, carnivore 3, speed 1, shaggy fur 1, slow metabolism 1, jump 1
a: Jump Attack, End Transformation


You were on level 2 of the Dungeon.
You were very full.
You had grown temporary horns.
You visited 1 branch of the dungeon, and saw 2 of its levels.

You collected 85 gold pieces.

Inventory:

Missiles
 b - 12 arrows
Comestibles
 a - 3 meat rations
 f - a beef jerky
 n - a rotting chunk of goblin flesh
Scrolls
 c - a scroll of remove curse {unknown}
 e - 3 scrolls of identify {unknown}
 i - a scroll of fear {unknown}
 j - 2 scrolls of recharging {unknown}
 o - a scroll of teleportation {unknown}
 p - a scroll of random uselessness {unknown}
Jewellery
 k - an amulet of resist corrosion (around neck)
Potions
 g - a potion of mutation {unknown}
 h - a potion of flight {unknown}
 l - a potion of cancellation {unknown}
 m - 2 potions of haste {unknown}
 q - 2 potions of might {unknown}
Books
 d - a book of Changes

   Spells                             Type                      Level
   *Beastly Appendage                 Transmutation                1
   *Sticks to Snakes                  Transmutation                2
   *Spider Form                       Transmutation/Poison         3
   Ice Form                           Ice/Transmutation            4
   Blade Hands                        Transmutation                5


   Skills:
 - Level 1.0 Fighting
 - Level 2.6 Dodging
 - Level 4.2 Unarmed Combat
 - Level 2.0 Spellcasting
 + Level 2.5 Transmutations


You couldn't memorise any spells.
You knew the following spells:

 Your Spells              Type           Power        Failure   Level  Hunger
a - Beastly Appendage     Trmt           #.....       10%         1    ##.....
b - Sticks to Snakes      Trmt           #.........   14%         2    ###....
c - Spider Form           Trmt/Pois      #.........   47%         3    ####...


Dungeon Overview and Level Annotations

Branches:
Dungeon (2/15)

Altars:
Nemelex Xobeh


Innate Abilities, Weirdness & Mutations

You cannot wear armour.
You are incapable of wielding weapons or throwing items.
Your paws have sharp claws.
You have razor-sharp teeth.
You have supernaturally acute eyesight.
You are carnivorous and can eat meat at any time.
You cover ground quickly.
You are covered in fur (AC +1).
You have a slow metabolism.
You can jump attack at a short distance.
You have a pair of horns on your head.


Message History

You are too injured to fight recklessly!
You are too injured to fight recklessly!
You are too injured to fight recklessly!
You are too injured to fight recklessly!
You are too injured to fight recklessly!
You closely miss the adder. Your bite misses the adder.
The adder is moderately wounded.
The adder bites you.
* * * LOW HITPOINT WARNING * * *
You scratch the adder.
The adder begins to bleed from its wounds!
The adder is moderately wounded.
The adder bites you.
* * * LOW HITPOINT WARNING * * *
Drink which item? (? for menu, Esc to quit)
Okay, then.
You barely miss the adder. Your headbutt misses the adder.
The adder is moderately wounded.
The adder bites you.
You die...

............#
#..
............#
...
............#
...
............#
...
............#
#.#
............#
#.#
............#
#.#
####.#......#
#S# #.#......#
#@# #.########
#.# #.# #...#
#.#
#.###.#.#####.#
#.#...#.......#
#.#.###########
#.#...........#
#.###########.#
#.# #.#


You could see an adder (bleeding).

Vanquished Creatures
  An adder (D:1)
  A giant mite (D:1)
  An ooze (D:1)
  2 giant cockroaches
  A hobgoblin (D:1)
  2 bats
  A giant newt (D:1)
  6 goblins
  5 jackals
  2 kobolds (D:1)
  2 rats
24 creatures vanquished.

Notes
Turn   | Place    | Note
--------------------------------------------------------------
     0 | D:1      | Ratboiler, the Felid Transmuter, began the quest for the Orb.
     0 | D:1      | Reached XP level 1. HP: 9/9 MP: 4/4
   453 | D:1      | Reached XP level 2. HP: 2/12 MP: 3/5
   703 | D:1      | Learned a level 2 spell: Sticks to Snakes
   716 | D:1      | Found a sparkling altar of Nemelex Xobeh.
   899 | D:1      | Reached skill level 4 in Unarmed Combat
   950 | D:1      | Reached XP level 3. HP: 13/15 MP: 8/8
  1002 | D:1      | Learned a level 3 spell: Spider Form
  1559 | D:2      | Slain by an adder

Action                   || total
-------------------------++-------
Melee: Unarmed           ||    69
 Cast: Beastly Appendage ||     5
 Stab: Distracted        ||     1
       Sleeping          ||     1
  Eat: Chunk             ||     8
